 Dungeon Crawl Stone Soup version 0.25.1-8-g42b30a86e7 (webtiles) character file.

Game seed: 4116370367011423870

651 Abzac the Destroyer (level 7, -3/36 HPs)
             Began as a Deep Elf Conjurer on Dec 21, 2020.
             Was an Initiate of Vehumet.
             Killed by an exploding fulminant prism (19 damage)
             ... created by the player character
             ... in the Ecumenical Temple.
             The game lasted 00:22:15 (6883 turns).

Abzac the Destroyer (Deep Elf Conjurer)             Turns: 6883, Time: 00:22:21

Health: -3/36      AC:  2    Str:  6    XL:     7   Next: 28%
Magic:  5/15       EV: 13    Int: 21    God:    Vehumet [......]
Gold:   213        SH:  0    Dex: 15    Spells: 6/14 levels left

rFire    x . .     SeeInvis .   e - +0 dagger
rCold    + . .     Gourm    .   (no shield)
rNeg     . . .     Faith    .   n - +0 robe
rPois    .         Spirit   .   (no helmet)
rElec    .         Reflect  .   (no cloak)
rCorr    +         Harm     .   (no gloves)
MR       .....                  (no boots)
Stlth    ++........             (no amulet)
HPRegen  0.12/turn              d - ring of ice
MPRegen  0.14/turn              p - ring of resist corrosion

@: about to teleport
A: no striking features
a: Renounce Religion


You were in the Ecumenical Temple.
You worshipped Vehumet.
Vehumet was noncommittal.
You were hungry.

You visited 2 branches of the dungeon, and saw 7 of its levels.
You also visited: Sewer.

You collected 213 gold pieces.

Inventory:

Hand Weapons
 e - a +0 dagger (weapon)
Armour
 a - a +0 robe
 n - a +0 robe (worn)
 y - a +0 pair of gloves
Jewellery
 d - a ring of ice (left hand)
 p - a ring of resist corrosion (right hand)
 v - an uncursed ring of positive energy {unknown}
Wands
 r - a wand of paralysis (12)
Scrolls
 b - 3 scrolls of random uselessness
 f - 3 scrolls of teleportation
 g - 3 scrolls of amnesia
 h - a scroll of enchant weapon {unknown}
 i - a scroll of fear
 l - 2 scrolls of blinking
 q - 2 scrolls of remove curse
 s - a scroll of identify
 t - a scroll of magic mapping {unknown}
 w - a scroll of acquirement {unknown}
 x - a scroll of enchant armour {unknown}
Potions
 j - a potion of heal wounds
 k - a potion of degeneration {unknown}
 m - 2 potions of curing {unknown}
 o - 2 potions of haste
 u - 2 potions of brilliance {unknown}
Comestibles
 c - 10 rations


   Skills:
 - Level 2.4 Dodging
 - Level 2.4 Stealth
 - Level 4.4 Spellcasting
 + Level 8.3 Conjurations
 - Level 5.0 Hexes


You had 6 spell levels left.
You knew the following spells:

 Your Spells              Type           Power        Failure   Level  Hunger
a - Magic Dart            Conj           ####         1%          1    None
b - Dazzling Flash        Conj/Hex       ####..       2%          3    ##.....
c - Fulminant Prism       Conj/Hex       ####......   8%          4    ####...

Your spell library contained the following spells:

 Spells                   Type           Power        Failure   Level  Hunger
 Searing Ray              Conj           #####.       1%          2    #......
 Iskenderun's Mystic Bla  Conj/Tloc      ###.....     21%         4    ####...


Dungeon Overview and Level Annotations

Branches:
Dungeon (6/15)             Temple (1/1) D:6           Sewer (visited)

Altars:
Cheibriados
Dithmenos
Elyvilon
Fedhas
Gozag
Hepliaklqana
Kikubaaqudgha
Makhleb
Okawaru
Ru
Uskayaw
Vehumet
Wu Jian
Xom
Yredelemnul
Zin

Shops:
D:6 =

Annotations:
D:6 1 runed translucent door, Crazy Yiuf, Sigmund


Message History

Your fulminant prism cannot move out of your way!
Your fulminant prism cannot move out of your way!
Unknown command.
As you read the scroll of teleportation, it crumbles to dust.
You feel strangely unstable. The scorpion completely misses you.
The orc hits you with a +0 flail.
Your fulminant prism crackles loudly.
Casting: Fulminant Prism (quite dangerous; 8% risk of failure)
Confirm with . or Enter, or press ? or * to list all spells.
Aiming: Magic Dart (safe; 1% risk of failure)
Press: ? - help, Shift-Dir - straight line, f - orc
Aim: an orc, wielding a +0 flail (blind)
The magic dart hits the orc!
You kill the orc!
Vehumet accepts your kill. The orc closely misses you.
Your fulminant prism explodes!
The blast of energy engulfs you!!
Ouch! That really hurt!
You die...

##._..._.##
##_......._##
##...≈≈.≈≈...##
#...≈≈≈.≈≈≈...#
#..≈≈.≈.≈.≈≈..#
#_.≈≈≈.).≈≈≈._#
#......<......#
#_.≈≈≈s.o≈≈≈._#
#..≈≈.≈@≈.≈≈..#
#...≈≈≈.≈≈≈...#
##...≈≈.≈≈...##
##_......._##
##._..._.##
#########


You could see a scorpion (blind) and an orc (blind).

Vanquished Creatures
  An ogre (D:5)
  2 howler monkeys
  A crimson imp (D:5)
  A jelly (D:6)
  A centaur skeleton (D:4)
  A hound (D:5)
  2 orc wizards (D:5)
  A worker ant (D:5)
  8 adders
  7 river rats
  An ooze (D:4)
  An adder zombie (D:5)
  2 adder skeletons
  2 worms
  A dart slug (D:2)
  8 leopard geckos
  7 orcs
  3 giant cockroaches
  12 goblins
  8 hobgoblins
  6 jackals
  A quokka (D:4)
  10 ball pythons
  8 bats
  3 frilled lizards
  11 kobolds
  A quokka skeleton (D:4)
  28 rats
138 creatures vanquished.

Vanquished Creatures (others)
  2 fulminant prisms (D:5)
2 creatures vanquished.

Grand Total: 140 creatures vanquished

Notes
Turn   | Place    | Note
-------+----------+-------------------------------------------
     0 | D:1      | Abzac the Deep Elf Conjurer began the quest for the Orb.
     0 | D:1      | Reached XP level 1. HP: 10/10 MP: 6/6
   239 | D:1      | Reached XP level 2. HP: 15/15 MP: 5/8
   339 | D:1      | Reached skill level 5 in Conjurations
  1011 | D:2      | Reached XP level 3. HP: 19/19 MP: 1/9
  1277 | D:2      | Found a hazy altar of Hepliaklqana.
  1519 | D:2      | Reached skill level 6 in Conjurations
  1838 | D:2      | Reached XP level 4. HP: 24/24 MP: 5/10
  1898 | D:2      | Found a shadowy altar of Dithmenos.
  1967 | D:2      | Learned a level 3 spell: Dazzling Flash
  2238 | D:3      | Reached skill level 1 in Hexes
  2696 | D:3      | Reached XP level 5. HP: 28/28 MP: 2/11
  3131 | D:3      | Learned a level 3 spell: Dazzling Flash
  3644 | D:4      | Found a shimmering altar of Xom.
  4261 | D:5      | Entered Level 5 of the Dungeon
  4287 | D:5      | Reached XP level 6. HP: 28/32 MP: 6/12
  4414 | D:5      | Found a hide-covered altar of Uskayaw.
  4565 | D:5      | Reached skill level 7 in Conjurations
  4654 | D:5      | Reached skill level 5 in Hexes
  4674 | D:5      | Found a glowing drain.
  4684 | Sewer    | Entered a sewer
  5321 | Sewer    | HP: 1/32 [river rat (3)]
  6020 | Sewer    | Learned a level 4 spell: Fulminant Prism
  6044 | D:5      | Reached XP level 7. HP: 34/36 MP: 4/15
  6241 | D:5      | Reached skill level 8 in Conjurations
  6733 | D:6      | Found a runed translucent door.
  6734 | D:6      | Noticed Crazy Yiuf
  6788 | D:6      | Found Xugaj's Jewellery Shop.
  6838 | D:6      | Found a staircase to the Ecumenical Temple.
  6842 | D:6      | Noticed Sigmund
  6847 | Temple   | Entered the Ecumenical Temple
  6863 | Temple   | Became a worshipper of Vehumet
  6883 | Temple   | Killed by an exploding fulminant prism

Illustrated notes

Levels and vault maps discovered:
D:1:      scummos_arrival_simple_crosswalls, layout_loops_corners
D:2:      layout_loops_ring, marbit_many_paths, lemuel_round_altar,
          hangedman_feature_mirror, kennysheep_generic_room_7
D:3:      layout_loops_ring, hex_large, minmay_goblin_outpost
D:4:      layout_basic, lemuel_doored_altar, first_ration
D:5:      layout_loops_ring, eat_drink_and_be_merry_uskayaw,
          gup_sewer_entry_bowl
D:6:      layout_basic, nicolae_tso_carved_into_rock, minmay_temple_entry_ruins,
          serial_shops, kennysheep_mini_moat,
          nicolae_ossuary_entry_false_entrances, uniq_sigmund,
          uniq_crazy_yiuf_cottage
Temple:   nicolae_temple_no_exploring_needed

Skill      XL: |  1  2  3  4  5  6  7 |
---------------+----------------------+-----
Conjurations   | 5 6 7 8 |  8.3
Hexes          | 3 4 5 |  5.0
Spellcasting   | 4 |  4.4
Dodging        | |  2.4
Stealth        | |  2.4

Action                   |  1- 3 |  4- 6 |  7- 9 || total
-------------------------+-------+-------+-------++-------
Melee: Dagger            |     2 |     2 |       ||     4
 Cast: Magic Dart        |    70 |   226 |    29 ||   325
       Dazzling Flash    |       |     5 |     2 ||     7
       Fulminant Prism   |       |       |     3 ||     3
  Use: Scroll            |       |    12 |     1 ||    13
       Potion            |       |     2 |       ||     2
  Eat: Chunk             |     3 |    12 |       ||    15
       Ration            |       |     1 |       ||     1
Armor: Robe              |     8 |     5 |       ||    13
Dodge: Dodged            |    15 |    55 |    14 ||    84
